 Dungeon Crawl Stone Soup version 0.29.1-14-g9c671dbff4 (webtiles) character file.

Game seed: 17609421756832599613

672 Baz the Sneak (level 7, -4/72 (73) HPs)
             Began as an Octopode Chaos Knight on Dec 16, 2022.
             Was a Plaything of Xom.
             Slain by Duvessa
             ... wielding a +0 rapier
              (11 damage)
             ... on level 6 of the Dungeon on Feb 13, 2023.
             The game lasted 00:11:14 (5028 turns).

Baz the Sneak (Octopode Chaos Knight)               Turns: 5028, Time: 00:11:15

HP:   -4/72 (73)    AC: 23    Str: 11    XL:     7   Next: 58%
MP:   3/12          EV:  2    Int: 16    God:    Xom [......]
Gold: 451           SH:  0    Dex: 12    Spells: 8/11 levels left

rFire   . . .      SeeInvis .   c - +1 dagger (venom)
rCold   . . .      Faith    .   (no shield)
rNeg    . . .      Spirit   .   (helmet currently unavailable)
rPois   +          Reflect  .   d - amulet of regeneration
rElec   .          Harm     .   m - ring of poison resistance
rCorr   .          Rampage  .   s - ring of wizardry
Will    .....      NoTele   +   (no ring)
Stlth   +++.......              (no ring)
HPRegen 1.02/turn               (no ring)
MPRegen 0.13/turn               (no ring)
                                (no ring)
                                (no ring)

@: tree-form, attractive, lightly drained
A: stationary, stasis, torment immunity, boosted hp, almost no armour,
(amphibious), 8 rings, (camouflage 1), (gelatinous body 1), (nimble swimmer 1),
(tentacles), high MP 1, (poison resistance)
a: Renounce Religion


You were on level 6 of the Dungeon.
You worshipped Xom.
You were a very special plaything of Xom.
You were a tree.
You visited 1 branch of the dungeon, and saw 6 of its levels.

You collected 451 gold pieces.

Inventory:

Hand Weapons
 a - a +0 short sword of chaos
 c - a +1 dagger of venom (weapon)
 h - the +4 morningstar of Bagaoh {vamp, rCorr SInv Stlth-}
   (You found it on level 2 of the Dungeon)

   It occasionally heals its wielder for a portion of the damage dealt when it
   wounds a living foe.
   SInv:      It lets you see invisible.
   rCorr:     It protects you from acid and corrosion.
   Stlth:     It makes you less stealthy.
 i - a +0 dagger of holy wrath
Jewellery
 d - an amulet of regeneration (around neck)
 m - a ring of poison resistance (left branch)
 s - a ring of wizardry (right branch)
 t - an amulet of magic regeneration
Wands
 g - a wand of flame (16)
 r - a wand of digging (5)
 u - a wand of light (4)
Scrolls
 e - 4 scrolls of magic mapping {unknown}
 k - 3 scrolls of teleportation {unknown}
 n - a scroll of brand weapon {unknown}
 q - a scroll of blinking {unknown}
 v - 2 scrolls of enchant armour {unknown}
 w - 3 scrolls of identify
Potions
 j - 2 potions of flight
 l - a potion of lignification
 o - a potion of attraction
 p - a potion of brilliance {unknown}
Miscellaneous
 b - a piece from Xom's chessboard (15/15) (quivered)


   Skills:
 + Level 4.5 Fighting
 - Level 3.9 Short Blades
 - Level 3.4 Dodging
 * Level 5.4 Stealth
 * Level 2.8 Spellcasting
 + Level 3.6 Poison Magic


You had 8 spell levels left.
You knew the following spells:

 Your Spells              Type           Power      Damage    Failure   Level
a - Sting                 Tmut/Pois      32%        1d4       3%          1
b - Poisonous Vapours     Pois/Air       16%        N/A       6%          2

Your spell library contained the following spells:

 Spells                   Type           Power      Damage    Failure   Level
 Static Discharge         Conj/Air       2%         3-4/arc   12%         2
 Olgreb's Toxic Radiance  Pois           14%        N/A       16%         4
 Dazzling Flash           Conj/Hex       4%         N/A       22%         3
 Iskenderun's Mystic Bla  Conj/Tloc      2%         2d3       56%         4
 Lightning Bolt           Conj/Air       1%         1d12      88%         5
 Starburst                Conj/Fire      1%         6d3       100%        6
 Maxwell's Capacitive Co  Air            1%         ∞         100%        8


Dungeon Overview and Level Annotations

Branches:
Dungeon (6/15)
 Temple: D:4-7

Altars:

Shops:
D:5 :

Annotations:
D:3 2 transporters, 1 runed translucent door, Crazy Yiuf; raetorn's ghost, weakling SpBr
D:5 2 transporters
D:6 Duvessa; Pikel


Innate Abilities, Weirdness & Mutations

You are a tree.
Your roots penetrate the ground, keeping you stationary.
You cannot be teleported.
You are immune to unholy pain and torment.
Your maximum health is greatly increased.
You cannot wear most types of armour.
((You are amphibious.))
You can wear up to eight rings at the same time.
((Your skin changes colour to match your surroundings (Stealth+).))
((Your rubbery body absorbs attacks. (AC +1, EV +1)))
((You are camouflaged when in or above water. (Stealth+)))
((You have tentacles for arms and can constrict up to eight enemies at once.))
You have an increased reservoir of magic. (+10% MP)
((Your system is resistant to poisons. (rPois)))


Message History

The iguana bites you!
* * * LOW HITPOINT WARNING * * *
Unknown command.
You feel better. Duvessa barely misses you.
The jelly hits you but does no damage.
The iguana bites you but does no damage.
Duvessa hits you with a +0 rapier!
* * * LOW HITPOINT WARNING * * *
You feel better. The jelly barely misses you. The necrophage hits you.
* * * LOW HITPOINT WARNING * * *
You feel drained.
The iguana bites you but does no damage.
Duvessa hits you with a +0 rapier!
* * * LOW HITPOINT WARNING * * *
Unknown command.
You feel better. Duvessa hits you but does no damage.
The jelly hits you but does no damage.
The necrophage hits you but does no damage.
The iguana bites you!
* * * LOW HITPOINT WARNING * * *
Duvessa hits you with a +0 rapier.
* * * LOW HITPOINT WARNING * * *
You feel better.
The necrophage hits you but does no damage.
The jelly hits you but does no damage. Duvessa barely misses you.
The iguana bites you but does no damage.
You barely miss Duvessa.
Duvessa is severely wounded.
Duvessa hits you but does no damage. The jelly hits you but does no damage.
The necrophage hits you but does no damage.
The iguana bites you!
* * * LOW HITPOINT WARNING * * *
Unknown command.
Okay, then.
Unknown command.
It was a potion of attraction.
You feel attractive to monsters. Duvessa hits you with a +0 rapier!
You die...
Xom chuckles heartily!

.. ######### #... .
≈≈≈≈≈≈.~##...#. ..
.~~~e~~........
...#########).......
......#........##...
.....#.......###
#..#....l....##
#...J♣e.......#
([...#.n.....###..
.... #.####...# ...
#. ..#.# .. ###.#
... .. .... . ....


You could see Duvessa (berserk, extremely poisoned), a necrophage, an iguana and
a jelly.

Vanquished Creatures
  A black bear (D:5)
  An ice beast (D:5)
  3 lemures
  A phantom (D:5)
  Dowan (D:6)
  2 hounds
  An iguana (D:3)
  Terence (D:2)
  7 adders
  A white imp (D:5)
  An ufetubus (D:4)
  A worm (D:5)
  2 dart slugs (D:2)
  7 orcs
  4 ball pythons
  6 endoplasms
  3 giant cockroaches
  8 hobgoblins
  6 jackals (D:1)
  3 quokkas
  5 bats
  7 frilled lizards
  11 goblins
  7 kobolds
  3 rats
93 creatures vanquished.

Vanquished Creatures (collateral kills)
  An ice beast (D:5)
1 creature vanquished.

Grand Total: 94 creatures vanquished

Notes
Turn   | Place    | Note
-------+----------+-------------------------------------------
     0 | D:1      | Baz the Octopode Chaos Knight began the quest for the Orb.
     0 | D:1      | Reached XP level 1. HP: 16/16 MP: 1/1
     0 | D:1      | Upgraded the game from 0.29.1-12-g30fa7ad0bf to
                  | 0.29.1-14-g9c671dbff4
    76 | D:1      | XOM: divination: magic mapping
   131 | D:1      | Reached XP level 2. HP: 15/21 MP: 2/2
   193 | D:1      | XOM: divination: detect creatures
   238 | D:1      | Reached skill level 1 in Stealth
   394 | D:1      | Learned a level 1 spell: Sting
   656 | D:1      | Found a faded altar of an unknown god.
   785 | D:1      | Reached XP level 3. HP: 26/26 MP: 3/3
   960 | D:2      | Reached skill level 1 in Poison Magic
  1030 | D:2      | XOM: 1-stop teleportation journey
  1071 | D:2      | Reached skill level 2 in Stealth
  1150 | D:2      | XOM is BORED!
  1329 | D:2      | XOM: cloud trail
  1358 | D:2      | Reached XP level 4. HP: 31/31 MP: 4/4
  1367 | D:2      | XOM: scenery: summon butterflies
  1386 | D:2      | Identified the +4 morningstar of Bagaoh {vamp, rCorr SInv
                  | Stlth-}
  1588 | D:2      | XOM: summons 4 hostile shadow creatures
  1856 | D:2      | XOM: cloud trail
  1948 | D:2      | Noticed Terence
  1953 | D:2      | XOM: smoke on damage
  1957 | D:2      | Killed Terence
  2144 | D:2      | XOM: god gift: emerald potion {god gift}
  2259 | D:3      | Noticed Ijyb
  2270 | D:3      | Noticed Ijyb
  2270 | D:3      | Ijyb changed into Ijyb the iguana
  2270 | D:3      | XOM: polymorph Ijyb -> Ijyb the iguana
  2274 | D:3      | Killed Ijyb the iguana
  2275 | D:3      | Reached XP level 5. HP: 16/37 MP: 5/5
  2724 | D:3      | Reached skill level 3 in Stealth
  2861 | D:3      | Found a transporter.
  2863 | D:3      | Noticed raetorn's ghost (weakling SpBr)
  2864 | D:3      | Found a transporter.
  3149 | D:3      | Found a runed translucent door.
  3150 | D:3      | Noticed Crazy Yiuf
  3874 | D:4      | XOM: god gift: wand of light (5)
  3880 | D:4      | Learned a level 2 spell: Poisonous Vapours
  4173 | D:5      | Entered Level 5 of the Dungeon
  4205 | D:5      | Noticed an ice beast
  4205 | D:5      | XOM: 1-stop teleportation journey
  4217 | D:5      | XOM: 1-stop teleportation journey
  4218 | D:5      | Killed an ice beast
  4219 | D:5      | Reached skill level 1 in Spellcasting
  4219 | D:5      | Reached XP level 6. HP: 27/43 MP: 5/7
  4257 | D:5      | Noticed a black bear
  4266 | D:5      | Killed a black bear
  4267 | D:5      | Reached skill level 4 in Stealth
  4296 | D:5      | Noticed an ice beast
  4296 | D:5      | XOM: summons 6 friendly demons
  4319 | D:5      | Killed an ice beast
  4320 | D:5      | Reached XP level 7. HP: 49/49 MP: 8/10
  4354 | D:5      | Found a transporter.
  4477 | D:5      | Reached skill level 5 in Stealth
  4648 | D:5      | Found Jywaqu's Book Shop.
  4832 | D:5      | Found a transporter.
  4936 | D:6      | Noticed Pikel
  4947 | D:5      | XOM: summons 1 hostile demon
  4985 | D:6      | XOM: give mutations
  4985 | D:6      | Gained mutation: Your system is resistant to poisons.
                  | (rPois) [Xom's mischief]
  4985 | D:6      | Gained mutation: You have an increased reservoir of magic.
                  | (+10% MP) [Xom's mischief]
  4989 | D:6      | Noticed Dowan
  4990 | D:6      | Noticed Duvessa
  5002 | D:6      | Killed Dowan
  5028 | D:6      | Slain by Duvessa

Illustrated notes

Levels and vault maps discovered:
D:1:      wander_arrival_desolate, layout_rooms,
          hellmonk_ecumenical_altar_dog_temple
D:2:      layout_loops_corners, uniq_terence
D:3:      layout_basic, gammafunk_ghost_mausoleum, uniq_ijyb,
          uniq_crazy_yiuf_cottage
D:4:      layout_gridville
D:5:      gammafunk_cloud_chamber, layout_loops_ring, serial_shops, shop
D:6:      layout_rooms, gup_sewer_entry_pipe, uniq_pikel, uniq_maggie,
          uniq_duvessa, uniq_grinder, uniq_sigmund

Skill      XL: |  1  2  3  4  5  6  7 |
---------------+----------------------+-----
Stealth        | 1 2 3 4 5 |  5.4
Poison Magic   | 1 2 3 |  3.6
Dodging        | 3 |  3.4
Fighting       | 4 |  4.5
Spellcasting   | 1 2 |  2.8
Short Blades   | |  3.9

Action                   |  1- 3 |  4- 6 |  7- 9 || total
-------------------------+-------+-------+-------++-------
Melee: Short sword       |    28 |       |       ||    28
       Tentacles         |    15 |    23 |    15 ||    53
       Constrict         |    17 |    24 |     8 ||    49
       Dagger            |    41 |    99 |    60 ||   200
       Punch             |       |     1 |     2 ||     3
 Cast: Poisonous Vapours |       |     1 |    10 ||    11
       Sting             |       |       |     4 ||     4
Evoke: Wand              |       |     3 |     1 ||     4
  Use: Potion            |     1 |     1 |     9 ||    11
       Scroll            |       |     2 |       ||     2
 Stab: Sleeping          |    10 |    13 |     2 ||    25
Armor: Skin              |     3 |     8 |    30 ||    41
Dodge: Dodged            |    37 |    49 |    23 ||   109
